 Dungeon Crawl Stone Soup version 0.21-a0-178-g0b87683 (webtiles) character file.

478 broscience the Poker (level 7, -1/55 HPs)
             Began as a Merfolk Gladiator on Aug 9, 2017.
             Was a Follower of Wu Jian.
             Slain by an iron imp (4 damage)
             ... summoned by Natasha
             ... on level 4 of the Dungeon.
             The game lasted 00:07:03 (4128 turns).

broscience the Poker (Merfolk Gladiator)            Turns: 4128, Time: 00:07:04

Health: -1/55      AC:  5    Str: 14    XL:     7   Next: 11%
Magic:  7/7        EV: 16    Int:  8    God:    Wu Jian [*.....]
Gold:   166        SH:  0    Dex: 17    Spells: 6/6 levels left

rFire    . . .     SeeInvis .   a - +0 trident
rCold    . . .     Gourm    .   (no shield)
rNeg     . . .     Faith    .   b - +0 leather armour
rPois    .         Spirit   .   c - +0 helmet
rElec    .         Reflect  .   (no cloak)
rCorr    .         Harm     .   j - +0 pair of gloves
MR       .....                  (no boots)
Stlth    +.........             (no amulet)
HPRegen  0.18/turn              (no ring)
MPRegen  0.10/turn              (no ring)

@: no status effects
A: change form in water, swift swim, stealthy swim
a: Renounce Religion


You were on level 4 of the Dungeon.
You worshipped Wu Jian.
Wu Jian was aware of your devotion.
You were not hungry.

You visited 1 branch of the dungeon, and saw 4 of its levels.

You collected 166 gold pieces.

Inventory:

Hand Weapons
 a - a +0 trident (weapon)
Missiles
 e - 209 stones (quivered)
Armour
 b - a +0 leather armour (worn)
 c - a +0 helmet (worn)
 g - a +0 helmet
 j - a +0 pair of gloves (worn)
Wands
 r - a wand of digging (17/24)
 u - a wand of random effects (10/48)
Scrolls
 i - a scroll of fear {unknown}
 l - a scroll of teleportation {unknown}
 n - 3 scrolls of recharging {unknown}
 q - 2 scrolls of noise {unknown}
 t - a scroll of immolation {unknown}
 w - a scroll of identify {unknown}
 y - a scroll of blinking {unknown}
Potions
 h - a potion of flight {unknown}
 k - a potion of curing
 m - a potion of ambrosia {unknown}
 s - a potion of might {unknown}
 x - a potion of brilliance {unknown}
Comestibles
 o - a royal jelly
 p - 3 meat rations


   Skills:
 + Level 4.5 Fighting
 + Level 7.4 Polearms
 - Level 2.0 Throwing
 + Level 7.2 Dodging


You had 6 spell levels left.
You didn't know any spells.

Dungeon Overview and Level Annotations

Branches:
Dungeon (4/15)             Temple (0/1) D:4

Altars:
Qazlal
Vehumet
Wu Jian
Xom
The Shining One

Annotations:
D:4 Natasha


Message History

Unknown command.
Throwing (i - inventory. (,) - cycle):
d - a throwing net (quivered)
Press: ? - help, Shift-Dir - straight line, f/p - scorpion
Aim: a scorpion (severely wounded)
You throw a throwing net. The throwing net hits the scorpion.
The scorpion is caught in the net!
The scorpion is severely wounded.
The shadow imp completely misses you.
The scorpion struggles against the net.
The scorpion struggles against the net.
You see here a mace.
You closely miss the shadow imp. The shadow imp misses you.
The iron imp barely misses you.
The scorpion struggles against the net.
Attack whom?
Press: ? - help, Dir - move target cursor, f/p - scorpion
Aim: a scorpion (severely wounded, entangled in a net)
The shadow imp is in the way.
You hit the shadow imp.
The shadow imp is moderately wounded.
The shadow imp disappears in a puff of smoke!
Natasha closely misses you. The iron imp hits you.
You die...

....#...#.......#.........'#.....
....#...###...###.........##.....
#'###...###...#.......######.....
....#.........#.......#....###'##
....#.........#.......#..........
....#.........#.......#..........
....#........)).......#..........
'############+#.......#.##....#..
...............5@#'##############
...............h§+.......#
................s#.......#
.................#.......#
.................######[#########
##############...................
#...................
#.............<.....
#..?................


You could see a scorpion (caught), an iron imp and Natasha.

Vanquished Creatures
  An ogre (D:4)
  A hound (D:4)
  An orc wizard (D:4)
  Ijyb (D:3)
  Jessica (D:2)
  Natasha (D:4)
  A worker ant (D:4)
  A hound skeleton (D:4)
  Robin (D:2)
  9 adders
  2 oozes (D:1)
  6 worms
  A dart slug (D:1)
  A leopard gecko (D:4)
  10 orcs
  A ball python (D:1)
  4 giant cockroaches
  17 goblins
  9 hobgoblins
  2 jackals (D:4)
  11 bats
  3 frilled lizards
  6 kobolds
  A quokka skeleton (D:4)
  8 rats
100 creatures vanquished.

Notes
Turn   | Place    | Note
-------+----------+-------------------------------------------
     0 | D:1      | broscience the Merfolk Gladiator began the quest for the Orb.
     0 | D:1      | Reached XP level 1. HP: 16/16 MP: 1/1
   199 | D:1      | Reached XP level 2. HP: 23/23 MP: 2/2
   434 | D:1      | Reached skill level 5 in Polearms
   436 | D:1      | Reached XP level 3. HP: 27/28 MP: 3/3
  1126 | D:2      | Noticed Robin
  1135 | D:2      | Reached skill level 5 in Dodging
  1328 | D:2      | Reached XP level 4. HP: 30/34 MP: 4/4
  1459 | D:2      | Killed Robin
  1760 | D:2      | Noticed Jessica
  1770 | D:2      | Killed Jessica
  1900 | D:2      | Reached XP level 5. HP: 41/41 MP: 5/5
  1982 | D:2      | Found a faded altar of an unknown god.
  2349 | D:3      | Found a radiant altar of Vehumet.
  2412 | D:3      | Found a stormy altar of Qazlal.
  2455 | D:3      | Found a glowing golden altar of the Shining One.
  2456 | D:3      | Found a shimmering altar of Xom.
  2460 | D:3      | Found an ornate altar of the Wu Jian Council.
  2490 | D:3      | Became a worshipper of the Wu Jian Council
  2988 | D:3      | Noticed Ijyb
  3004 | D:3      | Killed Ijyb
  3098 | D:3      | Reached XP level 6. HP: 48/48 MP: 6/6
  3268 | D:4      | Found a staircase to the Ecumenical Temple.
  3279 | D:4      | Reached * piety under Wu Jian
  3510 | D:4      | Noticed Natasha
  3517 | D:4      | Killed Natasha
  3890 | D:4      | Reached XP level 7. HP: 51/55 MP: 7/7
  4000 | D:4      | Noticed Natasha
  4128 | D:4      | Slain by an iron imp

Vault maps used:
D:1:      minmay_arrival_shattered_statue, minmay_stone_trees_small,
          roderic_lattice_a
D:2:      chequers_ecumenical_altar_simple, uniq_robin, uniq_jessica
D:3:      nicolae_overflow_hidden_temple, lemuel_crystal_altar,
          chequers_temple_overflow_statue_of_worship, old_standard_altar,
          uniq_ijyb
D:4:      temple_green, okawaru_metal_pillars_3, uniq_natasha

Skill      XL: |  1  2  3  4  5  6 |
---------------+-------------------+-----
Polearms       | 5 6 7 |  7.4
Dodging        | 5 6 7 |  7.2
Fighting       | 3 4 |  4.5
Throwing       | |  2.0

Action                   |  1- 3 |  4- 6 |  7- 9 || total
-------------------------+-------+-------+-------++-------
Melee: Trident           |   127 |   232 |    68 ||   427
Throw: Throwing net      |       |     2 |     3 ||     5
  Use: Potion            |       |       |     4 ||     4
 Stab: Sleeping          |     2 |     3 |       ||     5
       Distracted        |       |     1 |       ||     1
       Held in net/web   |       |     1 |       ||     1
  Eat: Chunk             |     1 |     8 |       ||     9
       Bread ration      |       |       |     1 ||     1
Armor: Leather armour    |    33 |    28 |    18 ||    79
Dodge: Dodged            |    67 |   144 |    52 ||   263
